 Dungeon Crawl Stone Soup version 0.18-a0-1405-g73f4075 (webtiles) character file.

26 glau the Grasshopper (level 2, -3/15 HPs)
             Began as a Spriggan Warper on Feb 24, 2016.
             Was a Follower of Dithmenos.
             Slain by a worm (10 damage)
             ... on level 2 of the Dungeon.
             The game lasted 00:04:49 (503 turns).

glau the Grasshopper (Spriggan Warper)               Turns: 503, Time: 00:04:49

Health: -3/15      AC:  2    Str:  7    XL:     2   Next: 89%
Magic:  7/7        EV: 19    Int: 14    God:    Dithmenos [*.....]
Gold:   54         SH:  0    Dex: 15    Spells: 2 memorised, 4 levels left

rFire  + . .     SeeInvis +     a - +0 short sword
rCold  x . .     Gourm    .     b - +0 robe
rNeg   . . .     Faith    .     (shield restricted)
rPois  .         Spirit   .     (helmet restricted)
rElec  .         Dismiss  .     (no cloak)
rCorr  .         Reflect  .     (gloves unavailable)
SustAt .         Harm     .     (boots unavailable)
MR     .....                    (no amulet)
Stlth  ++........               (no ring)
                                m - ring of fire

@: wreathed by umbra, very quick, not resistant to hostile enchantments,
unstealthy
A: unfitting armour, see invisible, herbivore 3, speed 3, slow metabolism 2
a: Renounce Religion


You were on level 2 of the Dungeon.
You worshipped Dithmenos.
Dithmenos was aware of your devotion.
You were not hungry.

You visited 1 branch of the dungeon, and saw 2 of its levels.

You collected 54 gold pieces.

Inventory:

Hand Weapons
 a - a +0 short sword (weapon)
 q - a +0 hunting sling
Missiles
 e - 4 tomahawks of dispersal (quivered)
 h - 11 bolts
 i - 17 arrows
 p - 15 poisoned needles
Armour
 b - a +0 robe (worn)
Jewellery
 m - a ring of fire (left hand)
Scrolls
 d - a scroll of blinking
 o - a scroll of random uselessness {unknown}
Potions
 g - a potion of ambrosia
 j - 2 potions of might {unknown}
 k - a potion of magic {unknown}
 n - a potion of resistance {unknown}
Books
 c - a book of Spatial Translocations

   Spells                             Type                      Level
   a - Apportation                    Translocation                1
   b - Blink                          Translocation                2
   c - Shroud of Golubria             Charms/Translocation         2
   d - Portal Projectile              Translocation                3
   e - Teleport Other                 Translocation                3
   f - Passage of Golubria            Translocation                4
Comestibles
 f - a bread ration
 l - 3 fruits


   Skills:
 + Level 1.7 Fighting
 + Level 2.2 Short Blades
 + Level 1.0 Throwing
 + Level 4.3 Dodging
 + Level 3.1 Spellcasting
 + Level 4.9 Translocations


You had 4 spell levels left.
You knew the following spells:

 Your Spells              Type           Power        Failure   Level  Hunger
a - Apportation           Tloc           ###.......   2%          1    #......
b - Shroud of Golubria    Chrm/Tloc      #.........   14%         2    ##.....


Dungeon Overview and Level Annotations

Branches:
Dungeon (1/15)

Altars:
Dithmenos


Innate Abilities, Weirdness & Mutations

You are tiny and cannot use many weapons and most armour.
You have supernaturally acute eyesight.
You are an herbivore.
You cover ground extremely quickly.
You need consume almost no food.


Message History

You hit the worm but do no damage.
The worm is heavily wounded.
You barely miss the worm.
The worm is heavily wounded.
The worm bites you.
You hit the worm.
The worm is heavily wounded.
You barely miss the worm.
The worm is heavily wounded.
The worm closely misses you.
You hit the worm but do no damage.
The worm is heavily wounded.
The worm misses you.
You hit the worm.
The worm is severely wounded.
You hit the worm.
The worm is almost dead.
The worm bites you!
Ouch! That really hurt!
You die...

#....# ###....# #......#
#.#....# ########
##.#....# ##.....%##
#..#....# ##....$...#
#.###..## #..!....... #.#
##.# #.w........ ###.#
#.# #.@...?.... ##...#
#.# #.......... .#.###
#.# #...(...... .#.#
##.## ###........#
...#####...###...........
............##...........
..##...8.................
..#...8.8.....#..........
.....8._.8....#..........


You could see a worm.

Vanquished Creatures
  An adder (D:2)
  A bat (D:1)
  4 giant cockroaches (D:1)
  2 goblins (D:1)
  2 hobgoblins (D:1)
  A kobold (D:1)
  5 rats
16 creatures vanquished.

Notes
Turn   | Place    | Note
--------------------------------------------------------------
     0 | D:1      | glau the Spriggan Warper began the quest for the Orb.
     0 | D:1      | Reached XP level 1. HP: 10/10 MP: 5/5
   109 | D:1      | Reached XP level 2. HP: 9/14 MP: 7/7
   207 | D:1      | Learned a level 2 spell: Shroud of Golubria
   375 | D:1      | You fall through a shaft!
   375 | D:2      | Found a faded altar to an unknown god.
   391 | D:2      | Became a worshipper of Dithmenos the Shadowed
   391 | D:2      | Reached * piety under Dithmenos
   503 | D:2      | Slain by a worm

Vault maps used:
D:1:      minmay_arrival_shattered_statue
D:2:      ecumenical_altar_2, grunt_ministairs_13

Skill      XL: |  1  2 |
---------------+-------+-----
Spellcasting   | 3 |  3.1
Dodging        | 4 |  4.3
Fighting       | |  1.7
Short Blades   | |  2.2
Throwing       | |  1.0
Translocations | |  4.9

Action                   || total
-------------------------++-------
Melee: Short sword       ||   101
Throw: Tomahawk          ||     1
 Cast: Shroud of Golubri ||     2
  Use: Potion            ||     1
